 Dungeon Crawl Stone Soup version 0.29-a0-397-g846e4a0bbc (webtiles) character file.

Game seed: 10083801963435990784

14840 croobank the Covert (level 12, -2/97 HPs)
             Began as a Gnoll Delver on May 11, 2022.
             Was an Initiate of Gozag.
             Slain by a blink frog (15 damage)
             ... on level 1 of the Lair of Beasts.
             The game lasted 01:01:44 (16139 turns).

croobank the Covert (Gnoll Delver)                 Turns: 16139, Time: 01:01:45

Health: -2/97      AC: 11    Str: 18    XL:     12   Next: 20%
Magic:  17/22      EV: 33    Int: 15    God:    Gozag
Gold:   1509       SH:  0    Dex: 21    Spells: 6/25 levels left

rFire   . . .      SeeInvis .   Q - +1 short sword (speed)
rCold   . . .      Faith    .   (no shield)
rNeg    . . .      Spirit   .   G - +0 leather armour
rPois   +          Reflect  .   q - +1 helmet
rElec   .          Harm     .   k - +2 cloak {rPois}
rCorr   +          Rampage  +   W - +1 pair of gloves of the Destroying Gods {Rampage Dex+8}
Will    .....                   (no boots)
Stlth   +++++.....              z - amulet of the acrobat
HPRegen 0.26/turn               p - ring of resist corrosion
MPRegen 0.18/turn               w - +6 ring of strength

@: acrobatic
A: fangs 1, strong nose, distributed training, mutation resistance 1
a: Renounce Religion, Potion Petition, Call Merchant, Bribe Branch


You were on level 1 of the Lair of Beasts.
You worshipped Gozag.
Gozag was most pleased with you.
You visited 3 branches of the dungeon, and saw 13 of its levels.

You collected 1622 gold pieces.
You paid 113 gold pieces to Gozag.

Inventory:

Hand Weapons
 a - a +2 dagger of venom
 b - a +0 hunting sling
 C - a +5 scimitar of freezing
 D - a +4 war axe
 H - a +0 short sword of venom
 P - a +4 hand axe of flaming
 Q - a +1 short sword of speed (weapon)
 U - a +0 hand crossbow
Missiles
 d - 23 poisoned darts (quivered)
 v - 338 stones
 K - 14 boomerangs
Armour
 k - a +2 cloak of poison resistance (worn)
 m - a +0 robe
 q - a +1 helmet (worn)
 r - a +3 chain mail
 A - a +2 pair of gloves
 F - a +0 ring mail
 G - a +0 leather armour (worn)
 W - the +1 pair of gloves of the Destroying Gods (worn) {Rampage Dex+8}
   (You found it on level 9 of the Dungeon)

   Dex:       It affects your dexterity (+8).
   Rampage:   It bestows one free step when moving towards enemies.
Magical Staves
 s - a staff of earth
 M - a staff of cold
Jewellery
 i - an amulet of faith
 p - a ring of resist corrosion (left hand)
 w - a +6 ring of strength (right hand)
 z - an amulet of the acrobat (around neck)
 B - a ring of flight
 I - a ring of see invisible
 T - a ring of protection from fire
Wands
 g - a wand of digging (10)
 h - a wand of polymorph (9)
 n - a wand of iceblast (9)
 N - a wand of mindburst (10)
 O - a wand of charming (10)
Scrolls
 c - 4 scrolls of fog
 e - a scroll of fear
 t - a scroll of amnesia {unknown}
 x - 2 scrolls of teleportation
 R - 4 scrolls of magic mapping
 S - 3 scrolls of identify
Potions
 f - a potion of brilliance
 j - 2 potions of haste
 l - 4 potions of mutation
 o - a potion of ambrosia
 E - 2 potions of curing
 J - 2 potions of invisibility
 L - a potion of resistance
 V - a potion of lignification


   Skills:
 + Level 9.7 Fighting
 + Level 7.0 Short Blades
 + Level 7.0 Long Blades
 + Level 8.5 Axes
 + Level 7.0 Maces & Flails
 + Level 7.0 Polearms
 + Level 7.0 Staves
 + Level 7.0 Slings
 + Level 7.0 Bows
 + Level 7.0 Crossbows
 + Level 7.0 Throwing
 + Level 7.0 Armour
 + Level 8.5 Dodging
 + Level 11.8 Stealth
 + Level 7.0 Shields
 + Level 7.0 Unarmed Combat
 + Level 7.0 Spellcasting
 + Level 5.8 Conjurations
 + Level 5.8 Hexes
 + Level 5.8 Summonings
 + Level 5.8 Necromancy
 + Level 5.8 Translocations
 + Level 5.8 Transmutations
 + Level 5.8 Fire Magic
 + Level 5.8 Ice Magic
 + Level 5.8 Air Magic
 + Level 5.8 Earth Magic
 + Level 5.8 Poison Magic
 + Level 7.7 Invocations
 + Level 7.0 Evocations


You had 6 spell levels left.
You knew the following spells:

 Your Spells              Type           Power      Damage    Failure   Level
a - Ensorcelled Hibernat  Hex/Ice        44%        N/A       1%          2
b - Swiftness             Air            22%        N/A       4%          3
c - Passwall              Tmut/Erth      18%        N/A       1%          2
d - Scorch                Fire           44%        2d7       1%          2
e - Flame Wave            Conj/Fire      22%        2d7       14%         4
f - Vampiric Draining     Necr           22%        2d7       4%          3
g - Stone Arrow           Conj/Erth      44%        3d9       4%          3

Your spell library contained the following spells:

 Spells                   Type           Power      Damage    Failure   Level
 Animate Skeleton         Necr           44%        N/A       1%          1
 Apportation              Tloc           44%        N/A       1%          1
 Pain                     Necr           88%        1d8       1%          1
 Sandblast                Erth           44%        2d11      1%          1
 Shock                    Conj/Air       88%        1d8       1%          1
 Summon Small Mammal      Summ           88%        N/A       1%          1
 Sublimation of Blood     Necr           22%        N/A       1%          2
 Wereblood                Tmut           22%        N/A       1%          2
 Airstrike                Air            11%        N/A       14%         4
 Iskenderun's Mystic Bla  Conj/Tloc      22%        2d6       14%         4
 Irradiate                Conj/Tmut      11%        3d17      36%         5
 Yara's Violent Unravell  Hex/Tmut       11%        3d6       36%         5
 Summon Cactus Giant      Summ           11%        N/A       91%         6
 Summon Hydra             Summ           11%        N/A       100%        7


Dungeon Overview and Level Annotations

Branches:
Dungeon (10/15)            Temple (1/1) D:7            Lair (2/6) D:8
  Swamp: Lair:2-4    Shoals: Lair:2-4     Snake: Lair:2-4    Spider: Lair:2-4
    Orc: D:9-12

Altars:
Cheibriados
Dithmenos
Elyvilon
Fedhas
Gozag
Hepliaklqana
Makhleb
Nemelex Xobeh
Okawaru
Sif Muna
Trog
Uskayaw
Xom
Yredelemnul

Annotations:
D:7 2 transporters, 1 runed translucent door, Antichthon's ghost, novice DDFi
D:10 1 transporter


Innate Abilities, Weirdness & Mutations

You have very sharp teeth.
Your uncanny sense of smell can sniff out nearby items.
Your experience applies equally to all skills.
You are somewhat resistant to further mutation.


Message History

Flames lash the black mamba.
The black mamba is burned terribly!
You kill the black mamba!
You start resting.
HP restored.
You start resting.
Magic restored.
You now have 1509 gold pieces (gained 6).
There is a stone staircase leading down, spattered with blood here.
You climb downwards.
The blink frog barely misses you. The blink frog completely misses you.
The cane toad stings you!! The blink frog completely misses you.
The blink frog closely misses you. The cane toad misses you.
There is a stone staircase leading up here.
The blink frog hits you but does no damage.
The blink frog blinks!
The cane toad stings you! The blink frog hits you!
You climb upwards.
There is a stone staircase leading down, spattered with blood here.
Casting: Scorch (safe; 1% risk of failure)
Confirm with . or Enter, or press ? or * to list all spells.
Casting: Flame Wave (dangerous; 14% risk of failure)
Press: ? - help, Dir - look around, f - activate A wave of flame ripples out!
The flame wave engulfs the blink frog!
The blink frog is moderately wounded.
The flame wave engulfs the cane toad.
The cane toad is lightly wounded.
The flame wave engulfs the blink frog!
The blink frog is lightly wounded. (Press . to intensify the flame waves.)
The blink frog hits you! x2; The cane toad stings you!!
* * * LOW HITPOINT WARNING * * *
The blink frog misses you.
A wave of flame ripples out!
The flame wave engulfs the blink frog!
The blink frog is severely wounded.
The flame wave engulfs the cane toad.
The cane toad is lightly wounded.
The flame wave engulfs the blink frog!
The blink frog is heavily wounded.
The blink frog hits you!
You die...
Your body crumbles into a pile of gold.

.........#.###.###......##+.#....
...#.....#.......#....#.....#....
.........#.......#..........#....
...#.....#.......#....#.....#....
...#.....#............P..........
.........#.......#...............
.........#.......#....#..........
...#.....#.....FF#....#.....#....
####...........F@#....##.#.##....
.........##P...###...............
.................................
.................................
..................$..............
...................>.............
......................#P.####....
##.....##..##.###....###.#P###...
.#.....###.#..###....##.....##...


You could see a cane toad and 2 blink frogs.

Vanquished Creatures
  Pikel (D:8)
  A black mamba (Lair:1)
  6 cane toads
  2 rime drakes (Lair:1)
  2 komodo dragons
  A hornet (D:9)
  A polar bear (Lair:1)
  Grinder (D:4)
  A wraith (D:8)
  Sigmund (D:6)
  12 yaks
  A basilisk (Lair:1)
  Eustachio (D:5)
  2 wyverns
  2 wargs (D:8)
  A steam dragon (D:9)
  6 water moccasins
  3 orc warriors (D:8)
  A sky beast (D:6)
  An ice beast (D:7)
  3 black bears
  29 wolves
  3 ogres
  3 centaurs
  A lemure (D:8)
  A phantom (D:6)
  8 bullfrogs
  A kobold brigand (D:9)
  Blork the orc (D:6)
  2 necrophages
  3 scorpions
  8 wights
  5 jellies
  16 killer bees
  2 howler monkeys (D:8)
  2 gnoll shamans
  3 hounds
  9 orc priests
  Jessica (D:3)
  9 orc wizards
  6 iguanas
  Natasha (thrice) (D:3)
  11 gnolls
  2 adders
  A shadow imp (D:8)
  7 white imps
  7 worms
  4 dart slugs
  44 orcs
  5 bats
  7 endoplasms
  3 giant cockroaches
  3 goblins
  9 hobgoblins
  4 jackals (D:2)
  11 kobolds
  6 quokkas
  11 ball pythons
  2 frilled lizards (D:1)
  5 rats
308 creatures vanquished.

Vanquished Creatures (collateral kills)
  A killer bee (D:9)
1 creature vanquished.

Vanquished Creatures (others)
  A fungus (Lair:1)
  3 plants
4 creatures vanquished.

Grand Total: 313 creatures vanquished

Notes
Turn   | Place    | Note
-------+----------+-------------------------------------------
     0 | D:5      | Reached skill level 9 in Stealth
     0 | D:5      | croobank the Gnoll Delver began the quest for the Orb.
     0 | D:5      | Reached XP level 1. HP: 23/23 MP: 1/1
    34 | D:5      | Noticed a black bear
    42 | D:4      | Noticed a jelly
   158 | D:3      | Noticed Jessica
   275 | D:2      | Reached XP level 2. HP: 29/29 MP: 2/2
   400 | D:2      | Reached XP level 3. HP: 31/35 MP: 3/3
   989 | D:2      | Reached skill level 1 in Invocations
  1172 | D:1      | Found a faded altar of an unknown god.
  1181 | D:1      | Reached skill level 1 in Short Blades
  1181 | D:1      | Reached skill level 1 in Long Blades
  1181 | D:1      | Reached skill level 1 in Maces & Flails
  1181 | D:1      | Reached skill level 1 in Polearms
  1181 | D:1      | Reached skill level 1 in Staves
  1181 | D:1      | Reached skill level 1 in Slings
  1181 | D:1      | Reached skill level 1 in Bows
  1181 | D:1      | Reached skill level 1 in Crossbows
  1181 | D:1      | Reached skill level 1 in Throwing
  1181 | D:1      | Reached skill level 1 in Armour
  1181 | D:1      | Reached skill level 1 in Shields
  1181 | D:1      | Reached skill level 1 in Unarmed Combat
  1181 | D:1      | Reached skill level 1 in Spellcasting
  1181 | D:1      | Reached skill level 1 in Evocations
  1396 | D:1      | Reached XP level 4. HP: 41/41 MP: 5/5
  1503 | D:1      | Learned a level 2 spell: Ensorcelled Hibernation
  1507 | D:1      | Learned a level 3 spell: Swiftness
  2242 | D:3      | Reached skill level 1 in Conjurations
  2242 | D:3      | Reached skill level 1 in Hexes
  2242 | D:3      | Reached skill level 1 in Summonings
  2242 | D:3      | Reached skill level 1 in Necromancy
  2242 | D:3      | Reached skill level 1 in Translocations
  2242 | D:3      | Reached skill level 1 in Transmutations
  2242 | D:3      | Reached skill level 1 in Fire Magic
  2242 | D:3      | Reached skill level 1 in Ice Magic
  2242 | D:3      | Reached skill level 1 in Air Magic
  2242 | D:3      | Reached skill level 1 in Earth Magic
  2242 | D:3      | Reached skill level 1 in Poison Magic
  2264 | D:3      | Noticed Natasha
  2275 | D:3      | Killed Natasha
  2460 | D:3      | Reached XP level 5. HP: 47/47 MP: 6/6
  2512 | D:3      | Noticed Natasha
  2520 | D:3      | Killed Natasha
  2771 | D:3      | Killed Jessica
  3164 | D:3      | Noticed Natasha
  3178 | D:3      | Killed Natasha
  3354 | D:4      | Noticed an ogre
  3370 | D:4      | Killed an ogre
  3371 | D:4      | Reached skill level 5 in Axes
  3371 | D:4      | Reached skill level 5 in Dodging
  3371 | D:4      | Reached XP level 6. HP: 3/53 MP: 1/8
  3764 | D:4      | Noticed a black bear
  3776 | D:4      | Killed a black bear
  3870 | D:4      | Gained mutation: You are somewhat resistant to further
                  | mutation. [potion of mutation]
  3877 | D:4      | Reached XP level 7. HP: 59/59 MP: 10/10
  4410 | D:4      | Noticed Grinder
  4444 | D:4      | Killed Grinder
  4445 | D:4      | Reached skill level 10 in Stealth
  4445 | D:4      | Reached XP level 8. HP: 53/67 MP: 5/12
  4591 | D:4      | Learned a level 2 spell: Passwall
  4978 | D:5      | Noticed Eustachio
  4988 | D:5      | Killed Eustachio
  5862 | D:6      | Found a basalt altar of Yredelemnul.
  5869 | D:6      | Found a hide-covered altar of Uskayaw.
  5872 | D:6      | Found a shadowy altar of Dithmenos.
  5879 | D:6      | Found an iron altar of Okawaru.
  5885 | D:6      | Found a hazy altar of Hepliaklqana.
  6070 | D:6      | Noticed Sigmund
  6109 | D:6      | Killed Sigmund
  6110 | D:6      | Reached XP level 9. HP: 17/73 MP: 11/14
  6167 | D:6      | Noticed Blork the orc
  6170 | D:6      | Killed Blork the orc
  7485 | D:7      | Learned a level 2 spell: Scorch
  7490 | D:7      | Learned a level 4 spell: Flame Wave
  7597 | D:7      | Found a transporter.
  7633 | D:7      | Found a transporter.
  7668 | D:7      | Reached skill level 5 in Invocations
  8127 | D:7      | Found a snail-covered altar of Cheibriados.
  8156 | D:7      | Reached XP level 10. HP: 69/80 MP: 17/17
  8189 | D:7      | Found a runed translucent door.
  8189 | D:7      | Found a shimmering altar of Xom.
  8189 | D:7      | Noticed a +1 spear of chaos
  8189 | D:7      | Noticed Antichthon's ghost (novice DDFi)
  8241 | D:7      | Found a staircase to the Ecumenical Temple.
  8246 | Temple   | Entered the Ecumenical Temple
  8259 | Temple   | Became a worshipper of Gozag Ym Sagoz the Greedy
  8709 | D:8      | Found a staircase to the Lair.
  8746 | D:8      | Reached skill level 5 in Short Blades
  8746 | D:8      | Reached skill level 5 in Long Blades
  8746 | D:8      | Reached skill level 5 in Maces & Flails
  8746 | D:8      | Reached skill level 5 in Polearms
  8746 | D:8      | Reached skill level 5 in Staves
  8746 | D:8      | Reached skill level 5 in Slings
  8746 | D:8      | Reached skill level 5 in Bows
  8746 | D:8      | Reached skill level 5 in Crossbows
  8746 | D:8      | Reached skill level 5 in Throwing
  8746 | D:8      | Reached skill level 5 in Armour
  8746 | D:8      | Reached skill level 5 in Shields
  8746 | D:8      | Reached skill level 5 in Unarmed Combat
  8746 | D:8      | Reached skill level 5 in Spellcasting
  8746 | D:8      | Reached skill level 5 in Evocations
  9089 | D:8      | Learned a level 3 spell: Vampiric Draining
  9728 | D:8      | Noticed Pikel
  9740 | D:8      | Killed Pikel
  9741 | D:8      | Reached skill level 11 in Stealth
  9758 | D:10     | Entered Level 10 of the Dungeon
 10045 | D:9      | Found a shimmering blue altar of Sif Muna.
 10356 | D:8      | Found a blossoming altar of Fedhas.
 11692 | D:9      | Reached XP level 11. HP: 54/87 MP: 13/19
 11901 | D:9      | Learned a level 3 spell: Stone Arrow
 12616 | D:9      | Identified the +1 pair of gloves of the Destroying Gods
                  | {Rampage Dex+8}
 12886 | D:10     | Noticed a manticore
 12886 | D:10     | Noticed a fire giant
 12886 | D:10     | Found a burning altar of Makhleb.
 12908 | D:9      | Identified a scroll of acquirement
 12908 | D:9      | Acquired the Almanac of Harmful Changing
 12912 | D:10     | Noticed a boulder beetle
 12927 | D:10     | Found a transporter.
 12982 | Lair:1   | Entered Level 1 of the Lair of Beasts
 12999 | Lair:1   | Reached skill level 5 in Conjurations
 12999 | Lair:1   | Reached skill level 5 in Hexes
 12999 | Lair:1   | Reached skill level 5 in Summonings
 12999 | Lair:1   | Reached skill level 5 in Necromancy
 12999 | Lair:1   | Reached skill level 5 in Translocations
 12999 | Lair:1   | Reached skill level 5 in Transmutations
 12999 | Lair:1   | Reached skill level 5 in Fire Magic
 12999 | Lair:1   | Reached skill level 5 in Ice Magic
 12999 | Lair:1   | Reached skill level 5 in Air Magic
 12999 | Lair:1   | Reached skill level 5 in Earth Magic
 12999 | Lair:1   | Reached skill level 5 in Poison Magic
 15438 | Lair:1   | Reached XP level 12. HP: 96/96 MP: 22/22
 16139 | Lair:1   | Slain by a blink frog

Illustrated notes

Levels and vault maps discovered:
D:1:      psy_arrival_wood_between_worlds, layout_basic,
          dreamdust_ecumenical_altar_angels_and_demons,
          hangedman_abyss_or_decor_stabs, minmay_pentomino_v4
D:2:      layout_basic
D:3:      layout_basic, uniq_natasha, uniq_jessica
D:4:      layout_gridville, uniq_grinder
D:5:      layout_loops_corners, st_stairs_4, minmay_circle_x, uniq_eustachio
D:6:      layout_basic, nicolae_overflow_hallway_of_the_gods,
          uniq_blork_the_orc, uniq_sigmund
D:7:      gammafunk_steamed_eel, layout_cave_pools, lemuel_tele_altar,
          temple_doors_e, ebering_ghost_xom, minmay_joined_circles
D:8:      layout_basic, fedhas_bush_and_centaur_altar,
          erik_lair_orcish_takeover, uniq_pikel
D:9:      layout_cave_pools, marbit_many_paths,
          mainiacjoe_overflow_concentric_impassable, serial_park,
          serial_park_square2, serial_park_fountain, eino_jars
D:10:     layout_loops_ring, gammafunk_temple_overflow_arena,
          chequers_serial_rivers_micro_e
Temple:   nicolae_temple_hex_pool
Lair:1:   layout_regular_city, gauntlet_entry_generic
Lair:2:   layout_hall_layers, grunt_megastairs_1

Skill      XL: |  1  2  3  4  5  6  7  8  9 10 11 12 |
---------------+-------------------------------------+-----
Stealth        | 10 11 | 11.8
Invocations    | 1 2 3 4 5 6 7 |  7.7
Short Blades   | 1 2 3 4 5 6 7 |  7.0
Long Blades    | 1 2 3 4 5 6 7 |  7.0
Maces & Flails | 1 2 3 4 5 6 7 |  7.0
Polearms       | 1 2 3 4 5 6 7 |  7.0
Staves         | 1 2 3 4 5 6 7 |  7.0
Slings         | 1 2 3 4 5 6 7 |  7.0
Bows           | 1 2 3 4 5 6 7 |  7.0
Crossbows      | 1 2 3 4 5 6 7 |  7.0
Throwing       | 1 2 3 4 5 6 7 |  7.0
Armour         | 1 2 3 4 5 6 7 |  7.0
Shields        | 1 2 3 4 5 6 7 |  7.0
Unarmed Combat | 1 2 3 4 5 6 7 |  7.0
Spellcasting   | 1 2 3 4 5 6 7 |  7.0
Evocations     | 1 2 3 4 5 6 7 |  7.0
Conjurations   | 1 2 3 4 5 |  5.8
Hexes          | 1 2 3 4 5 |  5.8
Summonings     | 1 2 3 4 5 |  5.8
Necromancy     | 1 2 3 4 5 |  5.8
Translocations | 1 2 3 4 5 |  5.8
Transmutations | 1 2 3 4 5 |  5.8
Fire Magic     | 1 2 3 4 5 |  5.8
Ice Magic      | 1 2 3 4 5 |  5.8
Air Magic      | 1 2 3 4 5 |  5.8
Earth Magic    | 1 2 3 4 5 |  5.8
Poison Magic   | 1 2 3 4 5 |  5.8
Axes           | 5 6 7 8 |  8.5
Dodging        | 5 6 7 8 |  8.5
Fighting       | 7 8 9 |  9.7

Action                   |  1- 3 |  4- 6 |  7- 9 | 10-12 || total
-------------------------+-------+-------+-------+-------++-------
Melee: Hand axe          |   104 |    36 |   123 |   402 ||   665
       Bite              |    11 |    16 |    44 |    51 ||   122
       Punch             |     3 |     5 |    15 |    21 ||    44
       Dagger            |       |   102 |   292 |       ||   394
       Short sword       |       |       |       |     5 ||     5
Throw: Dart              |       |    10 |       |       ||    10
 Cast: Ensorcelled Hiber |       |     1 |     3 |    13 ||    17
       Swiftness         |       |     1 |     3 |     6 ||    10
       Passwall          |       |       |     2 |       ||     2
       Scorch            |       |       |     3 |    62 ||    65
       Flame Wave        |       |       |       |    15 ||    15
       Vampiric Draining |       |       |       |     6 ||     6
       Stone Arrow       |       |       |       |     7 ||     7
Evoke: Wand              |       |       |       |     7 ||     7
  Use: Scroll            |     1 |     2 |    11 |    12 ||    26
       Potion            |       |     6 |     5 |     3 ||    14
 Stab: Sleeping          |    13 |    11 |    13 |     8 ||    45
       Distracted        |       |       |       |     6 ||     6
Armor: Leather armour    |    22 |    32 |   139 |   154 ||   347
       Skin              |       |     8 |    13 |       ||    21
Dodge: Dodged            |    56 |    65 |   303 |   486 ||   910

Table legend: (Time is in decaauts)
 A = Elapsed time spent in this place.
 B = Non-inter-level travel time spent in this place.
 C = Inter-level travel time spent in this place.
 D = Time resting spent in this place.
 E = Time spent auto-exploring this place.
 F = Levels seen in this place.
 G = Mean time per level.
                   A        B        C        D        E       F      G
               +--------+--------+--------+--------+--------+-----+--------+
         Total |  16074 |  15719 |    355 |   6728 |   5123 |  13 | 1236.5 |
       Dungeon |  13510 |  13179 |    331 |   5416 |   4539 |  10 | 1351.0 |
        Temple |     26 |     13 |     13 |      0 |      3 |   1 |   26.0 |
          Lair |   2536 |   2526 |     10 |   1312 |    581 |   2 | 1268.0 |
               +--------+--------+--------+--------+--------+-----+--------+

Top non-repeatable levels by time:
     D:8: 3040 daAuts
  Lair:1: 2341 daAuts
     D:9: 1699 daAuts
     D:6: 1583 daAuts
     D:3: 1517 daAuts
     D:5: 1210 daAuts
     D:7: 1123 daAuts
     D:4: 1113 daAuts
     D:1: 1058 daAuts
     D:2: 903 daAuts
    D:10: 260 daAuts
  Lair:2: 194 daAuts
  Temple: 26 daAuts
